 Dungeon Crawl Stone Soup version bcrawl-1.21.3-2-g9d8a61a446 (webtiles) character file.

Game seed: 17960571027979992584

3209 funkygono the Destroyer (level 9, -9/56 HPs)
             Began as a Fairy Conjurer on Apr 13, 2020.
             Was an Initiate of Vehumet.
             Killed by divine providence
             ... invoked by an orc priest
              (12 damage)
             ... on level 7 of the Dungeon.
             The game lasted 00:17:36 (6727 turns).

funkygono the Destroyer (Fairy Conjurer)            Turns: 6727, Time: 00:17:36

Health: -9/56      AC:  9    Str: 14    XL:     9   Next: 97%
Magic:  7/23       EV: 18    Int: 22    God:    Vehumet [......]
Gold:   419        SH: 13    Dex: 15    Spells: 10/24 levels left

rFire    + . .     SeeInvis .   n - +3 rapier of Idecevea {flame, rF+ MR+ Dex+2} (curse)
rCold    . . .     Gourm    .   i - +1 buckler
rNeg     . . .     Faith    .   (armour unavailable)
rPois    .         Spirit   .   y - +2 helmet
rElec    .         Reflect  .   (no cloak)
rCorr    .         Harm     .   (no gloves)
MR       +....                  (no boots)
Stlth    +.........             (no amulet)
HPRegen  0.18/turn              h - +6 ring of strength
MPRegen  0.18/turn              d - +2 ring of strength

@: lethally poisoned (-9 -> -10), flying evasively
A: small, magic attunement, unstealthy, unfitting armour, able to fly, AC/SH +6
a: Stop Flying, Renounce Religion


You were on level 7 of the Dungeon.
You worshipped Vehumet.
Vehumet was noncommittal.
You were not hungry.

You visited 2 branches of the dungeon, and saw 8 of its levels.
You also visited: Ossuary.

You collected 419 gold pieces.

Inventory:

Hand Weapons
 n - the cursed +3 rapier of Idecevea (weapon) {flame, rF+ MR+ Dex+2}
   (You found it on level 5 of the Dungeon)

   It has been specially enchanted to burn those struck by it, causing extra
   injury to most foes and up to half again as much damage against particularly
   susceptible opponents.
   It affects your dexterity (+2).
   It protects you from fire.
   It affects your resistance to hostile enchantments.
   It has a curse placed upon it.
 s - a +2 dagger of speed
Missiles
 a - 1538 stones (quivered)
Armour
 i - a +1 buckler (worn)
 y - a +2 helmet (worn)
 D - a scarf of spirit shield
Jewellery
 d - a +2 ring of strength (right hand)
 h - a +6 ring of strength (left hand)
Scrolls
 c - 2 scrolls of amnesia
 k - a scroll of brand weapon {unknown}
 q - 3 scrolls of fear {unknown}
 r - 5 scrolls of teleportation
 t - 4 scrolls of remove curse
 w - a scroll of magic mapping
 B - 2 scrolls of blinking
Potions
 b - a potion of magic
 f - 5 potions of curing
 g - 3 potions of brilliance
 j - 3 potions of agility
 l - 5 potions of lignification
 m - a potion of experience {unknown}
 o - 2 potions of invisibility {unknown}
 p - a potion of ambrosia {unknown}
 u - 3 potions of flight
 v - a potion of berserk rage {unknown}
 x - 2 potions of haste
 z - 3 potions of resistance {unknown}
 A - 2 potions of mutation {unknown}
 C - a potion of heal wounds {unknown}
Comestibles
 e - 7 rations {!d}


   Skills:
 + Level 3.0 Fighting
 + Level 4.7 Short Blades
 + Level 4.4 Dodging
 + Level 2.9 Stealth
 + Level 3.4 Shields
 + Level 8.2 Spellcasting
 + Level 10.3 Conjurations
 * Level 3.0 Fire Magic
 * Level 2.9 Ice Magic
 * Level 2.1 Earth Magic


You had 10 spell levels left.
You knew the following spells:

 Your Spells              Type           Power        Failure   Level  Hunger
a - Magic Dart            Conj           ####         1%          1    None
b - Searing Ray           Conj           ######..     1%          2    None
c - Iskenderun's Mystic   Conj           ######..     1%          3    None
d - Throw Frost           Conj/Ice       #####.       1%          2    None
e - Fireball              Conj/Fire      #####.....   16%         5    None
f - Sandblast             Erth           ###...       3%          1    None

Your spell library contained the following spells:

 Spells                   Type           Power        Failure   Level  Hunger
 Apportation              Tloc           #.....       9%          1    None
 Infusion                 Chrm           #.......     9%          1    None
 Slow                     Hex            #.......     9%          1    None
 Summon Butterflies       Summ           #.......     9%          1    None
 Fulminant Prism          Conj/Hex       ####......   10%         4    None
 False Image              Hex/Summ       #.......     26%         3    None
 Irradiate                Conj/Tmut      ####......   28%         5    None
 Aura of Abjuration       Summ           #.........   94%         5    None


Dungeon Overview and Level Annotations

Branches:
Dungeon (7/12)             Temple (1/1) D:7
   Lair: D:7-9

Altars:
Ashenzari
Cheibriados
Dithmenos
Fedhas
Gozag
Kikubaaqudgha
Lugonu
Makhleb
Nemelex Xobeh
Okawaru
Qazlal
Ru
Sif Muna
Trog
Uskayaw
Vehumet
Wu Jian
Xom
Yredelemnul
Zin


Innate Abilities, Weirdness & Mutations

Your spells do not cause hunger and MP costs are reduced by 1.
Your bright wings attract enemies. (Stealth-)
You cannot fit into any form of body armour.
Your shimmering scales are hard and can block incoming attacks. (AC +6, SH +6)
You are small and have problems with some larger weapons.
You can fly continuously.


Message History

Press: ? - help, Shift-Dir - straight line, f/p - orc priest
Aim: an orc priest, wearing a +0 ring mail (moderately wounded)
The fireball explodes!
The fireball engulfs the orc priest!
The orc priest is almost dead.
You feel sick.
You hear a shout!
An orc comes into view. It is wielding a +0 hand axe.
The orc shouts!
The orc priest calls down the wrath of Beogh upon you.
Beogh smites you!
* * * LOW HITPOINT WARNING * * *
Things that are here:
a +0 club; a +0 ring mail You closely miss the orc priest.
The orc priest is almost dead.
You hit the orc priest but do no damage.
The orc priest is almost dead.
The orc priest mumbles some strange prayers to Beogh against you.
Beogh smites you!
You die...

#####.#.##....# .>.
.........+..... #.#
#####.#.##....# #.###
#.#.##....# #... . #........
#########..########### #########
........#..#...........########.
..[........#.#########.#).).....
..........o.).o@.........)......
.....)...###.#.##.####.#.####...
.......)####.#.##.# #.#.# #...
........+......##.# #.#.#####.#
........######.##.# #.#........
##....... #.##.####.#######..
#....... #.##......#### ##'#
#.....o.o #.#####......###...
#..!..... ... #............


You could see an orc priest and an orc.

Vanquished Creatures
  Sigmund (D:2)
  Eustachio (D:4)
  A hungry ghost (D:6)
  A water moccasin (D:4)
  An orc warrior (D:6)
  2 sky beasts
  An ogre (D:6)
  A necrophage (D:6)
  A centaur (D:3)
  Blork the orc (D:5)
  3 bullfrogs (D:6)
  2 water moccasin zombies
  4 scorpions
  2 water moccasin skeletons
  3 killer bees (D:7)
  2 vampire bats (D:4)
  A crimson imp (D:2)
  A bullfrog zombie (Ossuary)
  3 centaur zombies (Ossuary)
  A hound (D:7)
  A centaur skeleton (D:6)
  6 orc priests
  A jelly (D:5)
  A bullfrog skeleton (D:4)
  5 orc wizards
  4 worker ants
  2 killer bee zombies (Ossuary)
  3 hound zombies (Ossuary)
  16 mummies (Ossuary)
  4 worker ant zombies (Ossuary)
  3 adders
  A shadow imp (D:5)
  2 adder zombies (Ossuary)
  2 worms
  2 dart slugs
  6 leopard geckos
  23 orcs
  A ball python (D:1)
  6 bats
  4 bat skeletons (D:4)
  A bat zombie (D:4)
  7 giant cockroaches
  4 goblins
  3 hobgoblins
  3 jackals
  4 quokkas
  7 frilled lizards
  A jackal skeleton (D:6)
  3 jackal zombies (Ossuary)
  10 kobolds
  A quokka skeleton (D:5)
  7 rats
177 creatures vanquished.

Vanquished Creatures (others)
  3 withered plants (Ossuary)
3 creatures vanquished.

Grand Total: 180 creatures vanquished

Notes
Turn   | Place    | Note
-------+----------+-------------------------------------------
     0 | D:1      | funkygono the Fairy Conjurer began the quest for the Orb.
     0 | D:1      | Reached XP level 1. HP: 11/11 MP: 6/6
    12 | D:1      | Reached skill level 5 in Conjurations
   111 | D:1      | Reached XP level 2. HP: 17/17 MP: 7/7
   115 | D:1      | Learned a level 2 spell: Searing Ray
   412 | D:2      | Noticed Sigmund
   428 | D:2      | Killed Sigmund
   428 | D:2      | Reached skill level 7 in Conjurations
   428 | D:2      | Reached XP level 3. HP: 2/21 MP: 0/10
   428 | D:2      | Reached XP level 4. HP: 3/27 MP: 0/11
   428 | D:2      | Reached XP level 5. HP: 4/31 MP: 0/12
   771 | D:2      | Found an opulent altar of Gozag.
   999 | D:2      | Reached XP level 6. HP: 36/36 MP: 10/14
  1303 | D:2      | Found a shimmering altar of Xom.
  1431 | D:2      | Learned a level 3 spell: Iskenderun's Mystic Blast
  1890 | D:3      | Found an ornate altar of the Wu Jian Council.
  2064 | D:3      | Reached skill level 8 in Conjurations
  2194 | D:3      | Noticed a moth of wrath
  2196 | D:3      | Found a bloodstained altar of Trog.
  2347 | D:4      | Reached skill level 5 in Spellcasting
  2347 | D:4      | Reached XP level 7. HP: 37/41 MP: 10/16
  3105 | D:4      | Reached skill level 9 in Conjurations
  3364 | D:4      | Noticed Eustachio
  3370 | D:4      | Killed Eustachio
  3370 | D:4      | Reached skill level 1 in Shields
  3370 | D:4      | Reached XP level 8. HP: 46/46 MP: 13/20
  3581 | D:4      | Found an ancient bone altar of Kikubaaqudgha.
  3666 | D:5      | Entered Level 5 of the Dungeon
  3688 | D:5      | Found a hide-covered altar of Uskayaw.
  3697 | D:5      | Noticed a +0 hand axe
  3698 | D:5      | Noticed a +0 hand axe
  3752 | D:5      | Found a sand-covered staircase.
  3759 | Ossuary  | Entered an ossuary
  3819 | Ossuary  | Reached skill level 1 in Short Blades
  3822 | Ossuary  | Reached skill level 1 in Fighting
  4527 | Ossuary  | Reached XP level 9. HP: 53/54 MP: 16/22
  4655 | D:5      | Noticed Blork the orc
  4662 | D:5      | Killed Blork the orc
  4739 | D:5      | Reached skill level 10 in Conjurations
  4792 | D:5      | Identified Sif Muna's Guide on Conjuration and Companions
  4797 | D:5      | Learned a level 2 spell: Throw Frost
  4803 | D:5      | Learned a level 5 spell: Fireball
  4836 | D:5      | Got a pitted rapier
  4842 | D:5      | Found a basalt altar of Yredelemnul.
  5191 | D:5      | Identified the cursed +3 rapier of Idecevea {flame, rF+ MR+
                  | Dex+2} (You found it on level 5 of the Dungeon)
  5257 | D:6      | Learned a level 1 spell: Sandblast
  5336 | D:6      | Reached skill level 1 in Fire Magic
  5405 | D:6      | Reached skill level 1 in Ice Magic
  5504 | D:6      | Found a snail-covered altar of Cheibriados.
  5747 | D:6      | Found a sacrificial altar of Ru.
  5881 | D:6      | Found a sparkling altar of Nemelex Xobeh.
  5899 | D:6      | Reached skill level 1 in Earth Magic
  6382 | D:7      | Found a staircase to the Ecumenical Temple.
  6391 | Temple   | Entered the Ecumenical Temple
  6395 | Temple   | Became a worshipper of Vehumet
  6727 | D:7      | Killed from afar by an orc priest

Skill      XL: |  1  2  3  4  5  6  7  8  9 |
---------------+----------------------------+-----
Conjurations   | 5 7 8 9 10 | 10.3
Dodging        | 3 4 |  4.4
Stealth        | 2 |  2.9
Spellcasting   | 3 4 5 6 7 8 |  8.2
Shields        | 1 2 3 |  3.4
Short Blades   | 2 4 |  4.7
Fighting       | 2 3 |  3.0
Fire Magic     | 3 |  3.0
Ice Magic      | 2 |  2.9
Earth Magic    | 2 |  2.1

Action                   |  1- 3 |  4- 6 |  7- 9 || total
-------------------------+-------+-------+-------++-------
Melee: Short sword       |       |     2 |       ||     2
       Dagger            |       |       |    19 ||    19
       Rapier            |       |       |    55 ||    55
 Cast: Magic Dart        |    29 |    82 |   219 ||   330
       Searing Ray       |     2 |     7 |    51 ||    60
       Iskenderun's Myst |       |       |     8 ||     8
       Throw Frost       |       |       |    11 ||    11
       Fireball          |       |       |     6 ||     6
       Sandblast         |       |       |     3 ||     3
  Use: Potion            |     3 |       |       ||     3
       Scroll            |     2 |     4 |     7 ||    13
  Eat: Chunk             |       |     4 |     8 ||    12
       Ration            |       |       |     2 ||     2
Armor: Skin              |       |     6 |    26 ||    32
Dodge: Dodged            |     8 |    19 |   105 ||   132
Block: Other             |       |     7 |       ||     7
       Buckler           |       |       |    89 ||    89
